[Event "World Junior U20 Girls 2018"]
[Site "Gebze"]
[Date "2018.09.07"]
[Round "4"]
[White "Malatsilava, Volha"]
[Black "Doroy Allaney Jia G"]
[Result "1-0"]
[ECO "C48"]
[WhiteElo "2040"]
[BlackElo "1914"]
[Annotator "NA"]
[PlyCount "83"]
[EventDate "2018.09.05"]
[EventType "swiss"]
[EventCountry "TUR"]
[SourceTitle "playchess.com"]
[Source "ChessBase"]
[SourceQuality "1"]
[TimeControl "40/5400+30:1800+30"]

1. e4 e5 2. Nf3 Nf6 3. Nc3 Nc6 4. Bb5 a6 5. Bxc6 bxc6 6. Nxe5 Bb4 {[%emt 0:04:30] C48: Vierspringerspiel (Rubinstein-Variante)} (6... Qe7 7. d4 Nxe4 8. Nxe4 d6 9. Bg5 Qe6 10. O-O dxe5 11. dxe5 Qd5 12. Qf3 Be6 13. Rad1 Qxe5 14. Nf6+ gxf6 15. Bxf6 Bd5 16. Rfe1 {1-0 (16) Mroziak,M (2359)-Adamowicz,K (2173) Krakow 2016}) 7. d3 Qe7 8. Nf3 d5 9. e5 $146 ({Vorgänger:} 9. O-O Bg4 10. Re1 Bxc3 11. bxc3 dxe4 12. dxe4 O-O 13. e5 {0-1 (81) Reno Chanca,J-Garcia Vera,A Aviles 2004}) 9... O-O 10. O-O Nd7 11. d4 Nb6 12. Ne2 Qe8 13. h3 Be7 14. Nf4 a5 15. a4 Be6 16. Nd3 Bf5 17. Re1 Qd7 18. Nc5 Qc8 19. c3 Re8 20. b4 Qb8 21. g4 $16 Bg6 22. Nd2 Bg5 23. Ndb3 Bxc1 24. Qxc1 axb4 25. cxb4 Qd8 26. Na5 Qh4 27. Qc3 h5 28. Qg3 Qg5 29. f4 Qh6 30. f5 h4 31. Qe3 Qxe3+ 32. Rxe3 Bh7 33. Nxc6 g6 34. f6 g5 35. a5 Nc4 36. Re2 Kh8 37. Kf2 Rf8 38. a6 Rfe8 39. a7 Rf8 40. Na6 Bd3 41. Rea2 Nb6 42. Nxc7 1-0

[Event "World Junior U20 Girls 2018"]
[Site "Gebze"]
[Date "2018.09.07"]
[Round "4"]
[White "Gomez Barrera, Javiera Belen"]
[Black "Ince, Safiye Oyku"]
[Result "1-0"]
[ECO "B44"]
[WhiteElo "2035"]
[BlackElo "1905"]
[Annotator "NA"]
[PlyCount "83"]
[EventDate "2018.09.05"]
[EventType "swiss"]
[EventCountry "TUR"]
[SourceTitle "playchess.com"]
[Source "ChessBase"]
[SourceQuality "1"]
[TimeControl "40/5400+30:1800+30"]

1. e4 c5 2. Nf3 e6 3. d4 cxd4 4. Nxd4 Nc6 5. Nb5 d6 6. c4 Nf6 7. N1c3 a6 8. Na3 Qc7 9. Be2 b6 10. Be3 Be7 11. Rc1 Bb7 12. O-O O-O 13. Nd5 exd5 14. cxd5 Rfc8 15. dxc6 Bxc6 16. Nc4 Rab8 17. Bf4 Rd8 18. Ne3 Qb7 19. Bxa6 Qxa6 20. Rxc6 Qxa2 21. Qc2 Nh5 22. Nd5 Nxf4 23. Nxe7+ Kh8 24. Rd1 Qe6 25. Nf5 Qg6 26. f3 b5 27. Rcxd6 Rxd6 28. Rxd6 Ne6 29. b4 h5 30. Qc3 Ra8 31. Qb2 Rb8 32. Qc3 Ra8 33. Qb2 Rb8 34. Qa1 Rc8 35. Ne7 Qf6 36. Qxf6 Rc1+ 37. Kf2 gxf6 38. Rd5 Nc7 39. Rxh5+ Kg7 40. Nf5+ Kg8 41. Ne7+ Kf8 42. Nd5 1-0

[Event "World Junior U20 Girls 2018"]
[Site "Gebze"]
[Date "2018.09.07"]
[Round "4"]
[White "Caballero Quijano, Mitzy Mishell"]
[Black "Aksoy, Ayca"]
[Result "1/2-1/2"]
[ECO "E14"]
[WhiteElo "2034"]
[BlackElo "1898"]
[Annotator "NA"]
[PlyCount "106"]
[EventDate "2018.09.05"]
[EventType "swiss"]
[EventCountry "TUR"]
[SourceTitle "playchess.com"]
[Source "ChessBase"]
[SourceQuality "1"]
[TimeControl "40/5400+30:1800+30"]

1. d4 Nf6 2. Nf3 e6 3. e3 b6 4. Bd3 Bb7 5. O-O Be7 6. c4 c5 7. Nc3 O-O 8. d5 exd5 9. cxd5 d6 10. e4 Nbd7 11. h3 a6 12. a4 Re8 {[%emt 0:07:30] E14: Queen's Indian: Classical Variation (4 e3)} 13. Bf4 (13. Re1 Bf8 14. b3 g6 15. Qc2 Bg7 16. Bf4 Ne5 17. Nxe5 dxe5 18. Be3 Qd6 19. Nb1 Nd7 20. Nd2 {0-1 (50) Cori Tello,D (2389)-Socko,M (2471) Riadh 2017}) 13... Nf8 14. Re1 Ng6 15. Bh2 Bf8 16. Nd2 Ne5 $146 ({Predecessor:} 16... Nd7 17. Bf1 Qf6 18. Nc4 Nge5 19. Bxe5 dxe5 20. Qb3 {1-0 (53) Leiva Rodriguez,J (2283)-Kourkoulos Arditis,S (2109) Athens 2012}) 17. Be2 g6 18. f4 Ned7 19. Bf3 b5 20. axb5 axb5 $16 21. Nxb5 Qb6 22. Na3 Qxb2 23. Ndc4 Qd4+ 24. Qxd4 cxd4 25. Nb5 Rxa1 26. Rxa1 Nxe4 27. Bxe4 Rxe4 28. Ncxd6 Bxd5 29. Nxe4 Bxe4 30. Nxd4 Bc5 31. Rd1 Nb6 32. Kh1 Nd5 33. Nf3 h6 34. Bg3 Be3 35. Kh2 Bxf4 36. Bxf4 Nxf4 37. Rd4 Bxf3 38. Rxf4 Bd5 39. Rd4 Be6 40. Kg3 h5 41. h4 Kg7 42. Kf4 Bg4 43. Ke5 Bf5 44. Rd6 Bg4 45. g3 Bh3 46. Rf6 Bg4 47. Rf4 Be6 48. Kd6 Bc8 49. Ke7 Be6 50. Rf6 Bc4 51. Rf3 Bd5 52. Re3 Bb7 53. Re5 Bf3 1/2-1/2

[Event "World Junior U20 Girls 2018"]
[Site "Gebze"]
[Date "2018.09.07"]
[Round "4"]
[White "Yang, Yijing"]
[Black "Koljevic, Nikolina"]
[Result "1-0"]
[ECO "D32"]
[WhiteElo "2018"]
[BlackElo "1898"]
[Annotator "NA"]
[PlyCount "47"]
[EventDate "2018.09.05"]
[EventType "swiss"]
[EventCountry "TUR"]
[SourceTitle "playchess.com"]
[Source "ChessBase"]
[SourceQuality "1"]
[TimeControl "40/5400+30:1800+30"]

1. d4 d5 2. c4 e6 3. Nc3 c5 4. cxd5 exd5 5. Nf3 Nc6 6. dxc5 d4 7. Na4 Bxc5 8. Nxc5 Qa5+ 9. Bd2 Qxc5 10. Rc1 Qb6 11. e3 dxe3 12. Bxe3 Qxb2 13. Bc4 Qb4+ 14. Nd2 Nge7 15. Bc5 Qa5 16. O-O O-O 17. Re1 Qd8 18. Qe2 Re8 19. Ne4 Nd4 20. Bxd4 Qxd4 21. Rcd1 Qb6 22. Nd6 Be6 23. Bxe6 fxe6 24. Qxe6+ 1-0

[Event "World Junior U20 Girls 2018"]
[Site "Gebze"]
[Date "2018.09.07"]
[Round "4"]
[White "Kamalidenova, Meruert"]
[Black "Hilario, Aleyla"]
[Result "0-1"]
[ECO "A46"]
[WhiteElo "2011"]
[BlackElo "2203"]
[Annotator "NA"]
[PlyCount "92"]
[EventDate "2018.09.05"]
[EventType "swiss"]
[EventCountry "TUR"]
[SourceTitle "playchess.com"]
[Source "ChessBase"]
[SourceQuality "1"]
[TimeControl "40/5400+30:1800+30"]

1. d4 Nf6 2. Nf3 e6 3. g3 b5 4. Bg2 Bb7 5. O-O Be7 6. a4 b4 7. c3 a5 8. c4 c5 9. Bf4 O-O 10. Nbd2 Na6 11. Nb3 Rc8 12. Rc1 d5 13. Ne5 Qb6 14. cxd5 exd5 15. dxc5 Bxc5 {[%emt 0:00:30] [#]} 16. Nxc5 $14 (16. Qd3 $1 $18) 16... Nxc5 17. Be3 Qd6 18. Nd3 Ne6 19. Qb3 Ba6 20. Rfd1 Rfd8 21. Bf4 Qe7 22. e3 Ne4 23. Bh3 Rc4 24. Bxe6 Qxe6 25. f3 Rxc1 26. Nxc1 Nc5 27. Qa2 h6 28. e4 Bb7 29. Ne2 Rd7 30. Nd4 Qa6 31. e5 Ne6 32. b3 Qb6 33. Be3 Rc7 34. Qd2 Rc3 35. Nf5 Qc7 36. Bd4 Rxf3 37. Rc1 Qd7 38. Ne3 Ng5 39. Kh1 Ne4 40. Qe2 Rf2 41. Qg4 Qxg4 42. Nxg4 Rd2 43. Bb6 d4 44. Kg1 Ng5 45. Bxa5 Nf3+ 46. Kf1 Ba6+ 0-1

[Event "World Junior U20 Girls 2018"]
[Site "Gebze"]
[Date "2018.09.07"]
[Round "4"]
[White "Cramling Bellon, Anna"]
[Black "Aydin, Gulenay"]
[Result "1-0"]
[ECO "E71"]
[WhiteElo "2009"]
[BlackElo "1882"]
[Annotator "NA RC"]
[PlyCount "127"]
[EventDate "2018.09.05"]
[EventType "swiss"]
[EventCountry "TUR"]
[SourceTitle "playchess.com"]
[Source "ChessBase"]
[SourceQuality "1"]
[TimeControl "40/5400+30:1800+30"]

1. d4 Nf6 2. c4 g6 3. Nc3 Bg7 4. e4 d6 5. h3 O-O 6. Bg5 c5 7. d5 Re8 8. Bd3 e6 9. Kf1 exd5 10. exd5 Nbd7 11. Nf3 h6 12. Be3 {[%emt 0:03:00] E71: King's Indian: 4 e4 d6 5 h3} Kh7 $146 ({Predecessor:} 12... a6 13. Qd2 g5 14. a4 Nf8 15. g4 Ng6 16. Ra3 Bd7 17. Qc2 Qc8 18. a5 Rb8 19. Rb3 Qc7 20. Bxg6 fxg6 {0-1 (49) Lajthajm,B (2507)-Nurkic,S (2395) Mionica 2006}) 13. g4 Ng8 14. h4 Kh8 15. Ne4 (15. g5 $14) 15... Rxe4 16. Bxe4 Ndf6 17. Qd3 Bxg4 18. Ng5 Qe8 19. f3 Nxe4 20. Qxe4 Qxe4 21. Nxf7+ Kh7 22. Ng5+ hxg5 23. hxg5+ Bh5 24. fxe4 Rf8+ 25. Kg2 b6 26. Raf1 Re8 27. Rh4 Re7 28. b3 Be5 29. Bf4 Kg7 30. Bg3 a6 31. a4 Re8 32. Kh3 b5 33. axb5 axb5 34. cxb5 Be2 35. Rh1 Bxb5 36. Kg2 Bxg3 37. Kxg3 Re5 38. Rh7+ Kf8 39. Kf4 Bd3 40. Re1 Bb5 41. Rb7 Be8 42. Ra1 Ne7 43. Rb8 Kf7 44. Ra7 Kf8 45. Raa8 Nxd5+ 46. exd5 Kf7 47. Rd8 Rf5+ 48. Kg4 Re5 49. Rxd6 Ke7 50. Re6+ Rxe6 51. dxe6 Bc6 52. Rg8 Bd5 $18 53. Kf4 Bxe6 54. Rxg6 Bxb3 55. Ke5 c4 56. Rg7+ Ke8 57. Rb7 Bc2 58. Kf6 Bd3 59. g6 c3 60. g7 Bh7 61. g8=Q+ Bxg8 62. Rb8+ Kd7 63. Rxg8 Kd6 64. Rc8 1-0

[Event "World Junior U20 Girls 2018"]
[Site "Gebze"]
[Date "2018.09.07"]
[Round "4"]
[White "Stanciu, Ioana-Georgiana"]
[Black "Bail, Ellen Larissa"]
[Result "1-0"]
[ECO "B80"]
[WhiteElo "2000"]
[BlackElo "1832"]
[Annotator "NA"]
[PlyCount "79"]
[EventDate "2018.09.05"]
[EventType "swiss"]
[EventCountry "TUR"]
[SourceTitle "playchess.com"]
[Source "ChessBase"]
[SourceQuality "1"]
[TimeControl "40/5400+30:1800+30"]

1. e4 c5 2. Nf3 d6 3. d4 cxd4 4. Nxd4 Nf6 5. Nc3 a6 6. Be3 e6 7. f3 Qc7 8. Qd2 Be7 9. g4 Nfd7 10. h4 Nc6 11. O-O-O b5 12. g5 Nde5 13. f4 Nc4 14. Bxc4 bxc4 15. f5 $16 Nd8 16. h5 Rb8 17. h6 g6 18. fxe6 fxe6 19. Rhf1 Qb7 20. b3 Qb4 21. Kb1 Rb7 22. Ka1 Bd7 23. Nde2 cxb3 24. cxb3 Bc6 25. Qc2 Rc7 26. Nd5 Bxd5 27. Qxc7 Bxe4 28. Bd4 Rg8 29. Nc3 Bf5 30. Ne2 Be4 31. Nc3 Bf5 32. Bf6 Qb7 33. Qc4 Qc6 34. Qb4 Qb7 35. Qf4 Qc6 36. Rc1 Rf8 37. Na4 Bxf6+ 38. gxf6 Qd5 39. Rfd1 e5 40. Qb4 1-0

[Event "World Junior U20 Girls 2018"]
[Site "Gebze"]
[Date "2018.09.07"]
[Round "4"]
[White "Nemcova, Karin"]
[Black "Tian, Shi Yuan"]
[Result "1/2-1/2"]
[ECO "C06"]
[WhiteElo "1990"]
[BlackElo "1923"]
[Annotator "NA RC"]
[PlyCount "129"]
[EventDate "2018.09.05"]
[EventType "swiss"]
[EventCountry "TUR"]
[SourceTitle "playchess.com"]
[Source "ChessBase"]
[SourceQuality "1"]
[TimeControl "40/5400+30:1800+30"]

1. e4 e6 2. d4 d5 3. Nd2 Nf6 4. e5 Nfd7 5. Bd3 c5 6. c3 Nc6 7. Ne2 cxd4 8. cxd4 f6 9. exf6 Nxf6 10. O-O Bd6 11. Nf3 Qc7 12. h3 O-O 13. Be3 {[%emt 0:00:00] C06: French Tarrasch: 3...Nf6 4 e5 Nfd7 5 Bd3 main lines} Bd7 14. Re1 Rae8 (14... Be8 15. Ng5 Bf7 16. Rc1 Kh8 17. a3 Bg8 18. b4 a6 19. g3 h6 20. Nf4 Bxf4 21. Bxf4 {1-0 (38) Navara,D (2729)-Michiels,B (2563) Wijk aan Zee 2015 CBM 165 [Navara,D]}) 15. Rc1 Qb8 16. Nc3 a6 17. Na4 e5 18. dxe5 Nxe5 19. Nxe5 Rxe5 20. Nc5 Rfe8 $146 ({Predecessor:} 20... Bc8 21. Qb3 Kh8 22. Bd4 Rg5 23. Ne6 Bxe6 24. Rxe6 {0-1 (33) Ciriolo,L (1924)-Carletti,A (1931) Porto San Giorgio 2018}) 21. Nxd7 Nxd7 22. Qd2 Qd8 23. Bd4 R5e7 24. Rxe7 Qxe7 25. Qe3 Qf7 26. Qf3 Qxf3 27. gxf3 Be5 28. Bc3 g6 29. Kg2 Kf7 30. Bxe5 Nxe5 31. Rc7+ Re7 32. Rxe7+ Kxe7 33. Bb1 Ke6 34. f4 Nc4 35. b3 Nd6 36. Kf3 Nb5 37. Bd3 Nd4+ 38. Ke3 Nc6 39. a3 Na5 40. Bc2 Nc6 41. Bd3 Ne7 42. Kd4 Kd6 43. Kc3 Kc5 44. b4+ Kd6 45. a4 Nc6 46. f5 gxf5 47. Bxf5 h6 48. f4 b6 49. Bd3 a5 50. b5 Nd8 51. Kd4 Ne6+ 52. Ke3 Ng7 53. Bc2 Nh5 54. Bd3 Ng7 55. Bg6 Kc5 56. f5 Kc4 57. f6 $18 (57. Kf4 Kb4 58. f6 Ne6+ 59. Ke5) 57... Ne6 58. Bf5 Nf8 59. Bc2 Kc3 60. Bd1 Ne6 61. f7 d4+ 62. Ke2 Nf8 63. h4 Ng6 64. h5 Nf8 65. Ke1 1/2-1/2

[Event "World Junior U20 Girls 2018"]
[Site "Gebze"]
[Date "2018.09.07"]
[Round "4"]
[White "Nastase, Andreea-Cristina"]
[Black "Sade, Defne"]
[Result "1-0"]
[ECO "D17"]
[WhiteElo "1983"]
[BlackElo "1826"]
[Annotator "NA"]
[PlyCount "119"]
[EventDate "2018.09.05"]
[EventType "swiss"]
[EventCountry "TUR"]
[SourceTitle "playchess.com"]
[Source "ChessBase"]
[SourceQuality "1"]
[TimeControl "40/5400+30:1800+30"]

1. d4 d5 2. c4 c6 3. Nf3 Nf6 4. Nc3 dxc4 5. a4 Bf5 6. Ne5 Qc7 7. Nxc4 Nbd7 8. g3 {[%emt 0:00:00] D17: Slav Defence: 5 a4 Bf5: Lines with 6 Nh4 and 6 Ne5} Nb6 (8... e5 9. dxe5 Nxe5 10. Bf4 Nfd7 11. Bg2 g5 12. Nxe5 gxf4 13. Nxd7 O-O-O 14. Qd4 Qxd7 15. Qxf4 Bd6 16. Qc1 Be5 17. O-O Qd2 18. Rd1 Qxc1 19. Raxc1 Rxd1+ 20. Nxd1 {1-0 (48) Yu,Y (2751)-Mamedov,R (2709) Huaian 2017}) 9. Bf4 Qd8 10. Ne3 Bg6 $146 ({Predecessor:} 10... Be6 11. a5 Nbd5 12. a6 b6 13. Bg2 Qd7 14. Nexd5 Nxd5 15. O-O Nxc3 16. bxc3 {0-1 (24) Pogorelov,R (2441)-Campora,D (2510) Seville 2007}) 11. Bg2 e6 12. a5 Nbd5 13. Nexd5 exd5 14. a6 b6 15. Qa4 b5 16. Qb3 Be7 17. O-O O-O 18. Na2 Qb6 19. Nb4 Ne4 20. Rfc1 Rac8 21. e3 $11 Rfd8 22. Nd3 b4 23. Ne5 c5 24. Nxg6 hxg6 25. Bxe4 dxe4 26. dxc5 Bxc5 27. Rc2 Be7 28. Rxc8 Rxc8 29. Qd5 Qc6 30. Qxc6 Rxc6 31. Bb8 Bf6 32. Bxa7 Bxb2 33. Ra4 Be5 34. Bd4 Bxd4 35. exd4 Rc8 36. Rxb4 Ra8 37. Rb6 Kf8 38. Kf1 g5 39. Ke2 f5 40. Rb5 Rxa6 41. Rxf5+ Kg8 42. Rxg5 Kf7 43. Re5 Kf6 44. Rxe4 Kf5 45. Kf3 Ra3+ 46. Re3 Ra4 47. Rd3 g5 48. d5 g4+ 49. Kg2 Ke4 50. Rd1 Ra7 51. d6 Rd7 52. Re1+ Kf5 53. h3 gxh3+ 54. Kxh3 Rxd6 55. Ra1 Ke4 56. Kg2 Rd4 57. f3+ Ke3 58. Re1+ Kd2 59. Re8 Ra4 60. g4 1-0

[Event "World Junior U20 Girls 2018"]
[Site "Gebze"]
[Date "2018.09.07"]
[Round "4"]
[White "Aubert, Laurane"]
[Black "Can, Isil"]
[Result "1/2-1/2"]
[ECO "C45"]
[WhiteElo "1970"]
[BlackElo "1798"]
[Annotator "NA"]
[PlyCount "97"]
[EventDate "2018.09.05"]
[EventType "swiss"]
[EventCountry "TUR"]
[SourceTitle "playchess.com"]
[Source "ChessBase"]
[SourceQuality "1"]
[TimeControl "40/5400+30:1800+30"]

1. e4 e5 2. Nf3 Nc6 3. d4 exd4 4. Nxd4 Bc5 5. Nb3 Bb6 6. Nc3 Nf6 7. Qe2 {[%emt 0:00:00] C45: Scotch Game} d6 (7... O-O 8. Bg5 h6 9. Bh4 Nd4 10. Qd3 Nxb3 11. cxb3 g5 12. Bg3 d5 13. O-O-O c6 14. exd5 Nxd5 {½-½ (36) Le,Q (2728)-Fedoseev,V (2707) Danzhou 2018}) 8. Be3 Bxe3 9. Qxe3 a5 10. a4 Be6 11. Nd4 Nxd4 $146 ({Predecessor:} 11... Bd7 12. O-O-O O-O 13. f3 Re8 {1-0 (38) Zawadzka,J (2435)-Trifan,A (2308) Arad 2018}) 12. Qxd4 O-O 13. f3 Nd7 14. h4 Qe7 15. g4 Ne5 16. Qf2 d5 17. Qg3 Nc4 18. Bxc4 dxc4 19. O-O-O b5 20. Nxb5 Qb4 21. f4 Qxa4 22. Na3 c3 23. Qxc3 Bxg4 24. Rd4 Qe8 25. h5 Qe6 26. h6 Qf6 27. e5 Qe6 28. Rg1 g6 29. Rc4 Rfd8 30. Nb5 Be2 31. Rc6 Qd7 32. Nd6 cxd6 33. exd6 f6 34. Qxf6 Qf7 35. Qe5 Re8 36. Qd4 Rad8 37. f5 Bh5 38. Rc7 Rd7 39. fxg6 Bxg6 40. Rxd7 Qxd7 41. Qd5+ Qf7 42. Qd4 Rd8 43. b3 Qf8 44. Qd5+ Qf7 45. Qe5 $1 Qf8 46. Qe6+ Qf7 47. Qe5 $11 Qf8 48. Qd5+ Qf7 49. Qd4 1/2-1/2

[Event "World Junior U20 Girls 2018"]
[Site "Gebze"]
[Date "2018.09.07"]
[Round "4"]
[White "Meenal Gupta"]
[Black "Urh, Zala"]
[Result "1-0"]
[ECO "C67"]
[WhiteElo "1963"]
[BlackElo "2128"]
[Annotator "NA"]
[PlyCount "83"]
[EventDate "2018.09.05"]
[EventType "swiss"]
[EventCountry "TUR"]
[SourceTitle "playchess.com"]
[Source "ChessBase"]
[SourceQuality "1"]
[TimeControl "40/5400+30:1800+30"]

1. e4 e5 2. Nf3 Nc6 3. Bb5 Nf6 4. O-O Nxe4 5. d4 Nd6 6. Bxc6 dxc6 7. dxe5 Nf5 8. Qxd8+ Kxd8 9. Nc3 h6 10. b3 Bd7 11. Ne4 b6 12. Bb2 c5 13. Rad1 Kc8 14. Ng3 Nxg3 15. hxg3 Be7 16. e6 Bxe6 17. Bxg7 Rh7 18. Be5 Kb7 19. c4 Rd8 20. Rxd8 Bxd8 21. Rd1 Kc8 22. Ne1 h5 23. Nc2 f6 24. Bc3 Rd7 25. Rxd7 Kxd7 26. Ne3 c6 27. f4 Ke7 28. f5 Bc8 29. Kf2 Kf7 30. Kf3 Be7 31. Ke4 Bf8 32. g4 hxg4 33. Nxg4 Be7 34. Bd2 b5 35. Bf4 Bd7 36. Nf2 Kg7 37. g4 a6 38. Kd3 Be8 39. Ne4 Bf7 40. Be3 a5 41. Bxc5 Kf8 42. Nxf6 1-0

[Event "World Junior U20 Girls 2018"]
[Site "Gebze"]
[Date "2018.09.07"]
[Round "4"]
[White "Heydarova, Aytaj"]
[Black "Anacoglu, Cisel"]
[Result "1/2-1/2"]
[ECO "C56"]
[WhiteElo "1948"]
[BlackElo "1791"]
[Annotator "NA"]
[PlyCount "65"]
[EventDate "2018.09.05"]
[EventType "swiss"]
[EventCountry "TUR"]
[SourceTitle "playchess.com"]
[Source "ChessBase"]
[SourceQuality "1"]
[TimeControl "40/5400+30:1800+30"]

1. e4 e5 2. Nf3 Nc6 3. d4 exd4 4. Bc4 Nf6 5. O-O Nxe4 6. Re1 d5 7. Bxd5 Qxd5 8. Nc3 Qh5 9. Nxe4 Be6 10. Nxd4 Qxd1 11. Rxd1 O-O-O 12. Be3 Nxd4 13. Rxd4 Rxd4 14. Bxd4 Bf5 15. Re1 f6 16. f3 Bxe4 17. Rxe4 Bd6 $11 18. Rg4 c5 19. Bc3 Bf8 20. Kf2 Kd7 21. h4 h5 22. Ra4 a6 23. Bd2 Bd6 24. Be3 Re8 25. g4 hxg4 26. Rxg4 Re7 27. h5 Ke6 28. a4 b5 29. axb5 axb5 30. b3 Ra7 31. Ke2 Ra2 32. Kd3 Kf7 33. h6 1/2-1/2

[Event "World Junior U20 Girls 2018"]
[Site "Gebze"]
[Date "2018.09.07"]
[Round "4"]
[White "Kocyigit, Buse Naz"]
[Black "Incecik, Seyma Zeynep"]
[Result "1-0"]
[ECO "E90"]
[WhiteElo "1944"]
[BlackElo "1716"]
[Annotator "NA RC"]
[PlyCount "135"]
[EventDate "2018.09.05"]
[EventType "swiss"]
[EventCountry "TUR"]
[SourceTitle "playchess.com"]
[Source "ChessBase"]
[SourceQuality "1"]
[TimeControl "40/5400+30:1800+30"]

1. d4 d6 2. Nf3 g6 3. c4 Bg7 4. e4 Nf6 5. Nc3 O-O 6. h3 Nc6 7. Be3 Nd7 {[%emt 0:00:30] E90: King's Indian: Classical: Early deviations and 6 h3} (7... e5 8. d5 Ne7 9. g4 a5 10. Nd2 c6 11. Be2 b5 12. g5 Ne8 13. cxb5 cxd5 14. Nxd5 Nxd5 15. exd5 f5 16. f3 f4 17. Bf2 Qxg5 {0-1 (36) Mkrtchian,L (2376)-Vijayalakshmi,S (2357) Riadh 2017}) 8. g4 e5 9. d5 Ne7 10. Nd2 a5 11. Be2 $146 ({Predecessor:} 11. Qc2 Nc5 12. Be2 Bd7 13. Nb3 b6 14. Nxc5 bxc5 15. O-O-O Qb8 16. h4 c6 {1-0 (25) Loxine,J (2194)-Slawtschew,S (1956) Dresden 2004}) 11... Kh8 12. Qc2 b6 13. O-O-O Nc5 14. h4 Bd7 15. h5 Kg8 16. g5 a4 17. a3 Qc8 (17... c6 $16) 18. Rdg1 c6 19. Bxc5 bxc5 20. Qd3 f5 (20... Qb7 $14) 21. gxf6 Rxf6 22. Qg3 Qf8 23. Nf3 h6 24. hxg6 Rxg6 25. Qh4 Qf4+ 26. Qxf4 exf4 27. Rxg6 Nxg6 28. Rd1 Rd8 29. dxc6 Bxc6 30. Nb5 Bf8 31. Nd2 Ne5 32. f3 Be7 33. Nb1 Nf7 34. N1c3 Ra8 35. Rg1+ Ng5 36. Nc7 Rf8 37. Ne6 Rf7 38. Bd1 Kh7 39. Nxg5+ Bxg5 40. Bxa4 Bxa4 41. Nxa4 Bf6 42. Kc2 h5 43. b4 cxb4 44. axb4 Ra7 45. Kb3 h4 46. b5 Rg7 47. Rh1 Rg3 48. b6 Rxf3+ 49. Kb4 Rg3 50. b7 Rg8 51. Kb5 Kh6 52. Nb6 f3 53. Nc8 f2 54. Rf1 Bd4 55. b8=Q $18 Rg1 56. Qxd6+ Kh5 57. Ne7 Kg4 58. Qg6+ Kh3 59. Qf5+ Kg2 60. Rxf2+ Bxf2 61. Ng6 Rb1+ 62. Ka4 Ra1+ 63. Kb3 Bg3 64. Qg4 Rb1+ 65. Kc2 Rh1 66. Nf4+ Kf2 67. Qe2+ Kg1 68. Qg2# 1-0

[Event "World Junior U20 Girls 2018"]
[Site "Gebze"]
[Date "2018.09.07"]
[Round "4"]
[White "Hereklioglu, Sude"]
[Black "Georgescu, Lena"]
[Result "0-1"]
[ECO "E94"]
[WhiteElo "1930"]
[BlackElo "2195"]
[Annotator "NA"]
[PlyCount "66"]
[EventDate "2018.09.05"]
[EventType "swiss"]
[EventCountry "TUR"]
[SourceTitle "playchess.com"]
[Source "ChessBase"]
[SourceQuality "1"]
[TimeControl "40/5400+30:1800+30"]

1. d4 Nf6 2. Nf3 g6 3. c4 Bg7 4. Nc3 O-O 5. e4 d6 6. h3 Na6 7. Be2 Qe8 8. Be3 e5 9. dxe5 dxe5 10. O-O Qe7 11. a3 c6 12. b4 Nh5 {[%emt 0:05:30] LiveBook: 3 Partien} 13. Qc1 Nf4 $11 14. c5 Nc7 15. Bc4 g5 16. Nh2 Nce6 17. Ne2 Nxe2+ 18. Bxe2 Nf4 19. Qc2 f5 20. Rad1 Nxe2+ 21. Qxe2 f4 22. Bc1 a5 23. Rd6 axb4 24. axb4 Be6 25. f3 Ra2 26. Bb2 Rfa8 27. Rb1 h5 28. b5 cxb5 29. Qxb5 R2a5 30. Qb4 Bf7 31. Bc3 Qc7 32. c6 bxc6 33. Rdd1 Rb5 0-1

[Event "World Junior U20 Girls 2018"]
[Site "Gebze"]
[Date "2018.09.07"]
[Round "4"]
[White "Nass, Sara"]
[Black "Celik, Eda"]
[Result "1-0"]
[ECO "C99"]
[WhiteElo "1888"]
[BlackElo "1970"]
[Annotator "NA"]
[PlyCount "75"]
[EventDate "2018.09.05"]
[EventType "swiss"]
[EventCountry "TUR"]
[SourceTitle "playchess.com"]
[Source "ChessBase"]
[SourceQuality "1"]
[TimeControl "40/5400+30:1800+30"]

1. e4 e5 2. Nf3 Nc6 3. Bb5 a6 4. Ba4 Nf6 5. O-O Be7 6. Re1 b5 7. Bb3 d6 8. c3 O-O 9. h3 Na5 10. Bc2 c5 11. d4 Qc7 12. Nbd2 cxd4 13. cxd4 Nc6 14. Nb3 a5 15. Be3 a4 16. Nbd2 Bd7 17. Rc1 Qb7 18. d5 Na5 19. Bd3 Rfc8 20. Qe2 Bd8 21. Nh2 Bb6 22. Bxb6 Qxb6 23. Ng4 Nh5 24. Nh6+ gxh6 25. Rxc8+ Rxc8 26. Qxh5 Qd8 27. Qxh6 Qf8 28. Qh4 f6 29. Re3 Qe7 30. Rg3+ Kh8 31. Rf3 Rf8 32. Nf1 Nb7 33. Ng3 Nc5 34. Be2 Be8 35. Nf5 Qd8 36. Rg3 Rg8 37. Rxg8+ Kxg8 38. Qh6 1-0

[Event "World Junior U20 Girls 2018"]
[Site "Gebze"]
[Date "2018.09.07"]
[Round "4"]
[White "Nassr, Lina"]
[Black "Caglar, Sila"]
[Result "0-1"]
[ECO "E60"]
[WhiteElo "1854"]
[BlackElo "2208"]
[Annotator "NA"]
[PlyCount "92"]
[EventDate "2018.09.05"]
[EventType "swiss"]
[EventCountry "TUR"]
[SourceTitle "playchess.com"]
[Source "ChessBase"]
[SourceQuality "1"]
[TimeControl "40/5400+30:1800+30"]

1. d4 Nf6 2. Nf3 g6 3. e3 Bg7 4. c4 O-O 5. Nc3 d6 6. Be2 Nbd7 7. O-O e5 8. Qc2 c6 9. b3 Re8 10. Bb2 Nf8 {[%emt 0:01:30] E60: King's Indian: Unusual lines and Fianchetto Variation without Nc3} (10... Qe7 11. b4 e4 12. Nd2 h5 13. a4 h4 14. h3 Nf8 15. Rfc1 Bf5 16. a5 Ne6 17. Qd1 Ng5 18. a6 {1-0 (68) Kovalyov,A (2658)-Shtembuliak,E (2517) Philadelphia 2018}) 11. dxe5 dxe5 12. Rfd1 Qa5 13. a3 e4 14. Nd2 Bf5 15. b4 Qc7 {[%emt 0:00:30] [#]} 16. c5 $1 Ng4 $146 ({Predecessor:} 16... N8d7 17. Nc4 Ne5 18. Nd6 {1-0 (40) Krivonogov,A (2334)-Ershova,S (2264) St Petersburg 2000}) 17. g3 h5 18. Nc4 Nh7 19. Nd6 Ng5 $14 20. Nxf5 gxf5 21. Bxg4 hxg4 22. Ne2 Bxb2 23. Qxb2 Re6 24. Nd4 Qe5 25. Rab1 Rh6 26. Kg2 Kh7 27. Ne2 Qe7 28. Nd4 Kg6 29. b5 Rah8 30. Rh1 Nf3 31. bxc6 Rxh2+ 32. Rxh2 Rxh2+ 33. Kf1 bxc6 34. Nxf3 gxf3 35. Kg1 Rg2+ 36. Kf1 Qxc5 37. Rc1 Qf8 38. Rxc6+ f6 39. Ke1 Qh8 40. Qb3 Qh1+ 41. Kd2 Rxf2+ 42. Kc3 Qc1+ 43. Kb4 Qb2 44. Qxb2 Rxb2+ 45. Ka5 f2 46. Rc1 Kg5 0-1

[Event "World Junior U20 Girls 2018"]
[Site "Gebze"]
[Date "2018.09.07"]
[Round "4"]
[White "Catal, Uktenur"]
[Black "Esti, Kubra Selenay"]
[Result "1/2-1/2"]
[ECO "A41"]
[WhiteElo "1809"]
[BlackElo "1662"]
[Annotator "NA"]
[PlyCount "39"]
[EventDate "2018.09.05"]
[EventType "swiss"]
[EventCountry "TUR"]
[SourceTitle "playchess.com"]
[Source "ChessBase"]
[SourceQuality "1"]
[TimeControl "40/5400+30:1800+30"]

1. d4 g6 2. c4 Bg7 3. e4 d6 4. f4 Nc6 5. Be3 Nf6 6. d5 Ng4 7. Bc1 $15 Nd4 8. Nc3 e5 9. g3 O-O 10. h3 Nh6 11. Bg2 f5 12. Nge2 Nxe2 13. Qxe2 fxe4 14. O-O Nf5 15. Nxe4 Nd4 16. Qd1 Nf5 17. Qe2 Nd4 18. Qd1 Nf5 19. Qe2 Nd4 20. Qd1 1/2-1/2